 Dungeon Crawl Stone Soup version 0.29.1-2-gbd0b4ee654 (webtiles) character file.

Game seed: 15111998212358698603

1 Uniporpoise the Insei (level 1, -2/13 HPs)
             Began as an Octopode Transmuter on Oct 27, 2022.
             Slain by a quokka (5 damage)
             ... on level 1 of the Dungeon.
             The game lasted 00:00:15 (232 turns).

Uniporpoise the Insei (Octopode Transmuter)          Turns: 232, Time: 00:00:16

Health: -2/13      AC:  1    Str:  9    XL:     1   Next: 20%
Magic:  2/3        EV: 13    Int: 15    God:
Gold:   31         SH:  0    Dex: 12    Spells: 3/4 levels left

rFire   . . .      SeeInvis .     - Unarmed
rCold   . . .      Faith    .   (no shield)
rNeg    . . .      Spirit   .   (helmet currently unavailable)
rPois   .          Reflect  .   (no amulet)
rElec   .          Harm     .   (no ring)
rCorr   .          Rampage  .   (no ring)
Will    .....                   (no ring)
Stlth   ++........              (no ring)
HPRegen 0.04/turn               (no ring)
MPRegen 0.08/turn               (no ring)
                                (no ring)
                                (no ring)

@: appendages (expiring)
A: tentacle spike 3, almost no armour, amphibious, 8 rings, camouflage 1,
gelatinous body 1, (nimble swimmer 1), tentacles
a: End Transformation


You were on level 1 of the Dungeon.
One of your tentacles had grown a beastly spike.
You visited 1 branch of the dungeon, and saw 1 of its levels.

You collected 31 gold pieces.

Inventory:

Scrolls
 b - a scroll of noise {unknown}
 d - a scroll of identify {unknown}
Potions
 a - a potion of lignification
 c - a potion of might {unknown}


   Skills:
 + Level 1.0 Fighting
 + Level 2.0 Dodging
 + Level 0.0 Stealth
 * Level 3.0 Unarmed Combat
 + Level 2.0 Spellcasting
 * Level 2.0 Transmutations


You had 3 spell levels left.
You knew the following spells:

 Your Spells              Type           Power      Damage    Failure   Level
a - Beastly Appendage     Tmut           14%        N/A       10%         1

Your spell library contained the following spells:

 Spells                   Type           Power      Damage    Failure   Level
 Wereblood                Tmut           7%         N/A       14%         2
 Spider Form              Tmut/Pois      4%         N/A       41%         3
 Ice Form                 Ice/Tmut       4%         N/A       82%         4


Dungeon Overview and Level Annotations

Branches:
Dungeon (1/15)

Altars:


Innate Abilities, Weirdness & Mutations

One of your tentacles has grown a beastly spike.
You cannot wear most types of armour.
You are amphibious.
You can wear up to eight rings at the same time.
Your skin changes colour to match your surroundings (Stealth+).
Your rubbery body absorbs attacks. (AC +1, EV +1)
((You are camouflaged when in or above water. (Stealth+)))
You have tentacles for arms and can constrict up to eight enemies at once.


Message History

You tentacle-slap the bat but do no damage.
You grab the bat. You constrict the bat. The bat closely misses you.
The bat escapes!
You tentacle-slap the bat.
You kill the bat!
No target in view!
Your transformation is almost over.
Your tentacle spike disappears.
Found a scale mail and a hand axe.
Found a robe.
A quokka comes into view.
Casting: Beastly Appendage (safe; 10% risk of failure)
Confirm with . or Enter, or press ? or * to list all spells.
One of your tentacles grows a vicious spike.
Found a stone staircase leading down.
You see here 14 gold pieces.
The quokka barely misses you. The quokka bites you.
You tentacle-slap the quokka. Your grab misses the quokka.
Your tentacle spike misses the quokka.
The quokka is heavily wounded.
The quokka bites you.
You tentacle-slap the quokka but do no damage.
Your grab misses the quokka.
The quokka is heavily wounded.
The quokka barely misses you.
You closely miss the quokka. Your grab misses the quokka.
The quokka is heavily wounded.
The quokka bites you.
You completely miss the quokka. Your grab misses the quokka.
Your tentacle spike misses the quokka.
Your tentacle-slap misses the quokka.
Your squeeze misses the quokka.
The quokka is heavily wounded.
The quokka bites you.
* * * LOW HITPOINT WARNING * * *
You closely miss the quokka. Your grab misses the quokka.
Your tentacle spike misses the quokka.
The quokka is heavily wounded.
Your transformation is almost over.
The quokka bites you.
You die...

.# .# # ## #.#
#.#. ..####
#.#.###......
#...r....# #
#....@..###..
#>..........#
#####$#.....#
#######.#.###.#
#..............
#.##.#.......##
#............#
####.#.......#
######.#.=.....#


You could see a quokka.

Vanquished Creatures
  A bat (D:1)
1 creature vanquished.

Notes
Turn   | Place    | Note
-------+----------+-------------------------------------------
     0 | D:1      | Uniporpoise the Octopode Transmuter began the quest for the
                  | Orb.
     0 | D:1      | Reached XP level 1. HP: 13/13 MP: 3/3
   232 | D:1      | Slain by a quokka

Illustrated notes

Levels and vault maps discovered:
D:1:      psy_arrival_basics, layout_basic, feat_on_display

Action                   || total
-------------------------++-------
Melee: Unarmed           ||     7
       Constrict         ||     1
 Cast: Beastly Appendage ||     2
Dodge: Dodged            ||     7
